 Dungeon Crawl Stone Soup version 0.26-a0-667-g92642533e4 (console) character file.

Game seed: 13525299800861181278

3791 om the Cleaver (level 9, -3/75 HPs)
             Began as a Pale Draconian Berserker on Oct 16, 2020.
             Was an Elder of Trog.
             Killed from afar by an electric eel (11 damage)
             ... with a bolt of electricity
             ... on level 7 of the Dungeon on Oct 17, 2020.
             The game lasted 00:19:35 (9030 turns).

om the Cleaver (Pale Draconian Berserker)           Turns: 9030, Time: 00:19:36

Health: -3/75      AC:  9    Str: 22    XL:     9   Next: 95%
Magic:  9/9        EV: 31    Int:  7    God:    Trog [****..]
Gold:   359        SH:  4    Dex: 12    Spells: 8/8 levels left

rFire    . . .     SeeInvis .   a - +0 hand axe
rCold    . . .     Faith    .   x - +0 buckler
rNeg     . . .     Spirit   .   (armour unavailable)
rPois    .         Reflect  .   (helmet restricted)
rElec    .         Harm     .   q - +0 cloak
rCorr    .         Rampage  .   (no gloves)
MR       .....                  h - +0 pair of boots (curse)
Stlth    +.........             n - amulet of the acrobat
HPRegen  0.22/turn              (no ring)
MPRegen  0.11/turn              (no ring)

@: berserk cooldown, acrobat, slowed, very slow
A: breathe steam, unfitting armour, cold-blooded, AC +7
a: Breathe Steam, Berserk, Trog's Hand, Brothers in Arms, Renounce Religion


You were on level 7 of the Dungeon.
You worshipped Trog.
Trog was greatly pleased with you.
You visited 1 branch of the dungeon, and saw 7 of its levels.
You also visited: Sewer.

You collected 359 gold pieces.

Inventory:

Hand Weapons
 a - a +0 hand axe (weapon)
Armour
 h - a cursed +0 pair of boots (worn)
 q - a +0 cloak (worn)
 x - a +0 buckler (worn)
Jewellery
 c - an uncursed amulet of guardian spirit
 n - an amulet of the acrobat (around neck)
Wands
 l - a wand of random effects (22)
 v - a wand of digging (5)
 y - a wand of disintegration (15)
Scrolls
 f - 2 scrolls of blinking
 j - 4 scrolls of teleportation
 m - a scroll of fog
 p - 3 scrolls of immolation {unknown}
 r - a scroll of fear
 s - 2 scrolls of magic mapping
 t - a scroll of remove curse {unknown}
 u - a scroll of enchant armour {unknown}
Potions
 b - 2 potions of might
 d - 2 potions of stabbing
 e - 7 potions of flight
 g - 3 potions of resistance
 i - 2 potions of magic
 k - a potion of haste
 o - 3 potions of curing
 w - a potion of mutation {unknown}
 z - 2 potions of lignification {unknown}


   Skills:
 - Level 6.0 Fighting
 - Level 10.0 Axes
 * Level 7.5 Dodging
 * Level 3.5 Shields
 - Level 5.0 Evocations


You had 8 spell levels left.
You didn't know any spells.
Your spell library was empty.

Dungeon Overview and Level Annotations

Branches:
Dungeon (7/15)             Temple (0/1) D:4           Sewer (visited)

Altars:
Cheibriados
Dithmenos
Nemelex Xobeh
Sif Muna
Vehumet
Yredelemnul
The Shining One


Innate Abilities, Weirdness & Mutations

You can breathe blasts of scalding, opaque steam.
Your pale cyan-grey scales are hard. (AC +7)
You cannot fit into any form of body armour.
You are cold-blooded and may be slowed by cold attacks.


Message History

You hit the electric eel but do no damage.
The electric eel is moderately wounded.
You barely miss the electric eel.
The electric eel shoots out a bolt of lightning at you!
The bolt of electricity hits you. The bolt of electricity hits you!
The electric eel shoots out a bolt of lightning at you!
The bolt of electricity hits you. The bolt of electricity hits you!
The electric eel shoots out a bolt of lightning at you!
The bolt of electricity hits the electric eel.
The electric eel completely resists.
The bolt of electricity hits you.
* * * LOW HITPOINT WARNING * * *
Press: ? - help, v - describe, . - travel, g - get item Item here: 11 gold pieces.
The floor.
The electric eel shoots out a bolt of lightning at you!
The bolt of electricity misses you. The bolt of electricity hits you!
* * * LOW HITPOINT WARNING * * *
The electric eel shoots out a bolt of lightning at you!
The bolt of electricity hits you!
You die...

###≈;;##≈†...##...........
#####≈≈);≈######≈##..........
#...#≈(!.!##≈≈≈##≈#.........<
#...#...P≈#≈≈.≈≈#≈#..>.......
#...#.≈.≈.#;.[$.#†#..........
#####...#.....#≈≈≈≈)#≈#......)...
........# #;;.PP#.#..........
.......## #.....#.#.....).>..
.####(.#..### #.@...#.#..........
.#.....##..≈≈≈##'..##.#......#...
.#......### #≈≈.####≈##.####.####
##.^......#####...≈≈########.#
..............#######........#
#...........######...#######.#
...........#..........[...#######
#..........#..........#####......
#.....................####.⌠#####


You could see 3 electric eels.

Vanquished Creatures
  Pikel (D:7)
  Maggie (D:7)
  Sigmund (D:3)
  A wyvern (D:7)
  Menkaure (D:7)
  Edmund (D:6)
  A water moccasin (D:7)
  An orc warrior (D:7)
  2 phantoms
  An ogre (D:5)
  A centaur (D:4)
  3 big kobolds (Sewer)
  4 lemures
  6 bullfrogs
  A gnoll sergeant (D:5)
  3 scorpions
  5 killer bees (D:6)
  4 wights (D:7)
  A centaur zombie (D:5)
  4 hounds
  A jelly (D:5)
  A bullfrog zombie (D:7)
  An iron imp (D:4)
  2 iguanas
  5 worker ants
  2 orc wizards
  5 gnolls (D:5)
  9 adders
  8 river rats
  4 white imps
  2 ufetubi
  4 oozes (Sewer)
  An adder skeleton (D:5)
  5 worms
  4 dart slugs
  3 leopard geckos
  4 orcs
  6 bats
  14 giant cockroaches
  8 goblins
  5 hobgoblins
  A quokka (D:2)
  5 ball pythons
  3 frilled lizards
  13 kobolds
  A leopard gecko skeleton (D:3)
  A quokka skeleton (D:5)
  6 rats
167 creatures vanquished.

Vanquished Creatures (others)
  4 plants (D:7)
4 creatures vanquished.

Grand Total: 171 creatures vanquished

Notes
Turn   | Place    | Note
-------+----------+-------------------------------------------
     0 | D:1      | om the Draconian Berserker began the quest for the Orb.
     0 | D:1      | Reached XP level 1. HP: 19/19 MP: 1/1
   147 | D:1      | Reached XP level 2. HP: 26/26 MP: 2/2
   603 | D:1      | Reached XP level 3. HP: 21/31 MP: 3/3
  1182 | D:2      | Reached ** piety under Trog
  1414 | D:2      | Found a basalt altar of Yredelemnul.
  1416 | D:2      | Noticed a profane servitor
  1429 | D:2      | Found a faded altar of an unknown god.
  1588 | D:2      | Found a glowing golden altar of the Shining One.
  1888 | D:3      | Reached skill level 4 in Axes
  1888 | D:3      | Reached XP level 4. HP: 38/40 MP: 2/4
  2073 | D:3      | Found a shadowy altar of Dithmenos.
  2079 | D:3      | Noticed Sigmund
  2097 | D:3      | Killed Sigmund
  2097 | D:3      | Reached skill level 5 in Axes
  2097 | D:3      | Reached XP level 5. HP: 46/46 MP: 5/5
  2764 | D:4      | Reached XP level 6. HP: 50/52 MP: 6/6
  3046 | D:4      | Found a staircase to the Ecumenical Temple.
  3184 | D:4      | Reached skill level 6 in Axes
  3760 | D:4      | Reached skill level 5 in Dodging
  3815 | D:4      | Your scales start taking on a pale cyan-grey colour.
  3815 | D:4      | Reached XP level 7. HP: 53/59 MP: 7/7
  4122 | D:4      | Found a snail-covered altar of Cheibriados.
  4202 | D:5      | Entered Level 5 of the Dungeon
  4239 | D:5      | Reached skill level 7 in Axes
  4464 | D:5      | Reached *** piety under Trog
  4464 | D:5      | Reached skill level 8 in Axes
  4671 | D:5      | Reached XP level 8. HP: 35/66 MP: 8/8
  4694 | D:5      | Found a glowing drain.
  4702 | Sewer    | Entered a sewer
  5650 | Sewer    | Reached skill level 9 in Axes
  6215 | D:5      | Found a shimmering blue altar of Sif Muna.
  6278 | D:6      | Found a radiant altar of Vehumet.
  6300 | D:6      | Reached skill level 10 in Axes
  6522 | D:6      | Reached skill level 5 in Fighting
  6602 | D:6      | Noticed Edmund
  6617 | D:6      | Killed Edmund
  6935 | D:6      | Reached XP level 9. HP: 74/74 MP: 9/9
  7096 | D:6      | Found a sparkling altar of Nemelex Xobeh.
  7191 | D:7      | Noticed Maggie
  7191 | D:7      | Noticed Pikel
  7460 | D:7      | Reached skill level 5 in Evocations
  7464 | D:7      | Reached **** piety under Trog
  7680 | D:7      | Killed Pikel
  7840 | D:7      | Noticed Menkaure
  7847 | D:7      | Killed Menkaure
  7847 | D:7      | Reached skill level 1 in Shields
  8093 | D:7      | Killed Maggie
  9030 | D:7      | Killed from afar by an electric eel

Illustrated notes

Levels and vault maps discovered:
D:1:      lemuel_arrival_river_ford, layout_basic, minmay_worlds_worst_comb
D:2:      layout_basic, grunt_temple_overflow_holy_war,
          chequers_ecumenical_altar_island
D:3:      layout_basic, nicolae_dithmenos_shadow_blocks,
          small_statue_intersection, st_stairs_11, uniq_sigmund
D:4:      layout_loops_cross, minmay_temple_entry_wispy, kennysheep_cross_room,
          chei_slow_surprise
D:5:      layout_rooms, marbit_many_paths, lightli_sewer_entry_pipes
D:6:      layout_gridville, kennysheep_mini_moat, overflow_temple_1_default,
          uniq_edmund
D:7:      cheibrodos_two_vegetables, layout_rooms, grunt_ministairs_11,
          uniq_maggie, uniq_pikel, uniq_menkaure

Skill      XL: |  1  2  3  4  5  6  7  8  9 |
---------------+----------------------------+-----
Dodging        | 3 4 5 7 |  7.5
Fighting       | 4 5 6 |  6.0
Axes           | 4 5 6 8 10 | 10.0
Evocations     | 4 5 |  5.0
Shields        | 3 |  3.5

Action                   |  1- 3 |  4- 6 |  7- 9 || total
-------------------------+-------+-------+-------++-------
Melee: Hand axe          |   128 |    96 |   508 ||   732
       Tailslap          |    11 |    13 |    72 ||    96
Invok: Berserk           |       |     3 |    12 ||    15
       Trog's Hand       |       |       |     1 ||     1
 Abil: Breathe Steam     |       |       |     9 ||     9
  Use: Scroll            |     5 |       |    10 ||    15
 Stab: Sleeping          |     2 |     1 |       ||     3
Armor: Skin              |    45 |    28 |   137 ||   210
Dodge: Dodged            |    90 |    68 |   448 ||   606
Block: Buckler           |       |       |    13 ||    13

Table legend: (Time is in decaauts)
 A = Elapsed time spent in this place.
 B = Non-inter-level travel time spent in this place.
 C = Inter-level travel time spent in this place.
 D = Time resting spent in this place.
 E = Time spent auto-exploring this place.
 F = Levels seen in this place.
 G = Mean time per level.
                   A        B        C        D        E       F      G
               +--------+--------+--------+--------+--------+-----+--------+
         Total |   9218 |   8953 |    265 |   3249 |   4058 |   8 | 1152.2 |
       Dungeon |   7946 |   7681 |    265 |   2420 |   3873 |   7 | 1135.1 |
         Sewer |   1272 |   1272 |      0 |    829 |    184 |   1 | 1272.0 |
               +--------+--------+--------+--------+--------+-----+--------+

Top non-repeatable levels by time:
     D:4: 1653 daAuts
     D:7: 1631 daAuts
   Sewer: 1272 daAuts
     D:1: 1165 daAuts
     D:6: 1145 daAuts
     D:3: 876 daAuts
     D:5: 765 daAuts
     D:2: 709 daAuts
